 Dungeon Crawl Stone Soup version 0.29.0-7-g18a832c13a (webtiles) character file.

Game seed: 8019808735609555007

1626 rigrig the Grappler (level 8, -1/114 HPs)
             Began as a Troll Fighter on Sept 1, 2022.
             Was an Initiate of Sif Muna.
             Slain by an orc priest
             ... wielding a +0 trident
              (3 damage)
             ... on level 6 of the Dungeon.
             The game lasted 00:07:47 (3660 turns).

rigrig the Grappler (Troll Fighter)                 Turns: 3660, Time: 00:07:49

Health: -1/114     AC:  6    Str: 27    XL:     8   Next: 65%
Magic:  7/8        EV:  9    Int:  4    God:    Sif Muna [......]
Gold:   464        SH:  8    Dex:  9    Spells: 7/7 levels left

rFire   . . .      SeeInvis .     - Unarmed
rCold   . . .      Faith    .   b - +0 kite shield
rNeg    . . .      Spirit   .   l - +0 troll leather armour {Pargi}
rPois   .          Reflect  .   (helmet restricted)
rElec   .          Harm     .   (no cloak)
rCorr   .          Rampage  .   (gloves unavailable)
Will    .....                   (boots unavailable)
Stlth   ..........              (no amulet)
HPRegen 1.89/turn               (no ring)
MPRegen 0.11/turn               (no ring)

@: berserking (expiring), studying Dodging, very quick
A: large, unfitting armour, claws 3, regeneration 1, shaggy fur 1, tough skin 1
a: Renounce Religion


You were on level 6 of the Dungeon.
You worshipped Sif Muna.
Sif Muna was noncommittal.
You visited 1 branch of the dungeon, and saw 6 of its levels.
You also visited: Sewer.

You collected 464 gold pieces.

Inventory:

Armour
 a - a +0 robe
 b - a +0 kite shield (worn)
 l - a +0 troll leather armour (worn) {Pargi}
Wands
 r - a wand of acid (4)
Scrolls
 d - a scroll of blinking {unknown}
 e - 2 scrolls of vulnerability
 j - 2 scrolls of magic mapping
 m - 3 scrolls of summoning
 p - 2 scrolls of teleportation
 v - a scroll of acquirement {unknown}
 w - a scroll of noise {unknown}
 x - 3 scrolls of poison {unknown}
Potions
 c - a potion of might
 f - 6 potions of curing
 g - a potion of brilliance
 h - a potion of mutation {unknown}
 i - a potion of berserk rage
 k - a potion of ambrosia
 n - a potion of cancellation
 o - a potion of haste
 q - a potion of resistance
 s - a potion of invisibility {unknown}
 t - a potion of flight {unknown}
 u - a potion of degeneration {unknown}


   Skills:
 + Level 3.6 Fighting
 - Level 2.0 Armour
 + Level 4.1 Dodging
 - Level 1.0 Stealth
 + Level 4.6 Shields
 * Level 8.4 Unarmed Combat
 + Level 1.7 Invocations


You had 7 spell levels left.
You didn't know any spells.
Your spell library contained the following spells:

 Spells                   Type           Power      Damage    Failure   Level
 Apportation              Tloc           0%         N/A       82%         1
 Sandblast                Erth           0%         2d4       82%         1
 Blink                    Tloc           0%         N/A       91%         2
 Passwall                 Tmut/Erth      0%         N/A       91%         2
 Stone Arrow              Conj/Erth      0%         3d7       99%         3
 Fulminant Prism          Conj/Hex       0%         3d6       100%        4
 Iskenderun's Mystic Bla  Conj/Tloc      0%         2d3       100%        4
 Passage of Golubria      Tloc           0%         N/A       100%        4
 Summon Lightning Spire   Summ/Air       0%         N/A       100%        4
 Alistair's Intoxication  Tmut/Pois      0%         N/A       100%        5
 Lee's Rapid Deconstruct  Erth           0%         3d5*      100%        5
 Manifold Assault         Tloc           0%         N/A       100%        5
 Silence                  Hex/Air        0%         N/A       100%        5
 Storm Form               Tmut/Air       0%         N/A       100%        7
 Lehudib's Crystal Spear  Conj/Erth      0%         10d2      100%        8
 Maxwell's Capacitive Co  Air            0%         ∞         100%        8


Dungeon Overview and Level Annotations

Branches:
Dungeon (6/15)              Sewer (visited)
 Temple: D:4-7

Altars:
Dithmenos
Makhleb
Sif Muna
The Shining One

Shops:
D:6 ??


Innate Abilities, Weirdness & Mutations

You are too large for most types of armour.
You have claws for hands.
Your natural rate of healing is unusually fast.
You are covered in fur. (AC +1)
You have tough skin. (AC +1)


Message History

The orc priest looks encouraged for a moment.
You block the orc's attack. The orc hits you but does no damage.
The troll bites you but does no damage. You block the troll's attack.
The troll claws you but does no damage. The orc hits you with a +0 short sword.
* * * LOW HITPOINT WARNING * * *
The iguana closely misses you.
You mangle the troll!!
You kill the troll!
Sif Muna accepts your kill.
Your Dodging skill increases to level 4!
You are too injured to fight recklessly!
You are too injured to fight recklessly!
You are too injured to fight recklessly!
You mangle the iguana!!
You kill the iguana!
Sif Muna accepts your kill. You block the orc priest's attack.
The orc misses you. x2
The orc hits you with a +0 short sword.
* * * LOW HITPOINT WARNING * * *
You barely miss the orc priest.
The orc priest hits you but does no damage.
You block the orc priest's attack. The orc hits you but does no damage.
The orc hits you with a +0 hand axe.
* * * LOW HITPOINT WARNING * * *
The orc hits you but does no damage.
You claw the orc priest!
You kill the orc priest!
Sif Muna accepts your kill.
You closely miss the orc. You block the orc's attack.
The orc hits you with a +0 short sword.
* * * LOW HITPOINT WARNING * * *
The orc priest closely misses you. The orc closely misses you.
You mangle the orc!!
You kill the orc!
Sif Muna accepts your kill. The orc hits you with a +0 short sword.
* * * LOW HITPOINT WARNING * * *
You block the orc's attack.
The orc priest hits you from afar with a +0 trident.
You die...

.........
........
...>..# .
.....# #....
#....#
#....##o...#
#....?...oo#
#.≈≈≈...)@o#
##~≈≈≈≈..>..#
#.".∩≈≈..<..#
#.~~~≈≈.....#
#..≈≈≈......#
##....##...##
#....##...##
#...†......#
#..........#


You could see an orc priest and 3 orcs.

Vanquished Creatures
  A troll (D:6)
  Pargi (Sewer)
  A sky beast (D:5)
  3 centaurs
  3 phantoms
  A bullfrog (D:4)
  A necrophage (D:4)
  2 scorpions
  2 hounds (D:6)
  3 orc priests
  3 orc wizards
  3 iguanas
  4 gnolls
  4 adders
  2 shadow imps
  An ufetubus (D:5)
  3 worms
  3 dart slugs
  12 orcs
  6 endoplasms
  3 giant cockroaches
  5 goblins
  4 hobgoblins
  10 jackals
  8 kobolds
  3 quokkas
  10 ball pythons
  14 bats
  6 frilled lizards
  9 rats
131 creatures vanquished.

Notes
Turn   | Place    | Note
-------+----------+-------------------------------------------
     0 | D:1      | rigrig the Troll Fighter began the quest for the Orb.
     0 | D:1      | Reached XP level 1. HP: 22/22 MP: 0/0
   281 | D:1      | Reached XP level 2. HP: 29/29 MP: 1/1
   794 | D:1      | Reached XP level 3. HP: 36/36 MP: 2/2
  1202 | D:2      | Reached skill level 3 in Unarmed Combat
  1204 | D:2      | Identified the +0 leather armour "Fenn" {rN+ MP+9}
  1412 | D:2      | Reached XP level 4. HP: 44/44 MP: 3/3
  1484 | D:3      | Found a glowing drain.
  1491 | Sewer    | Entered a sewer
  1523 | Sewer    | Noticed Pargi
  1539 | Sewer    | Killed Pargi
  1540 | Sewer    | Reached skill level 4 in Unarmed Combat
  1540 | Sewer    | Reached XP level 5. HP: 23/52 MP: 4/4
  1704 | D:3      | Found a faded altar of an unknown god.
  1800 | D:3      | Reached skill level 1 in Stealth
  2148 | D:3      | Reached skill level 5 in Unarmed Combat
  2253 | D:3      | Reached XP level 6. HP: 59/59 MP: 5/5
  2624 | D:4      | Reached skill level 6 in Unarmed Combat
  2718 | D:4      | Found a burning altar of Makhleb.
  2787 | D:4      | Reached XP level 7. HP: 53/66 MP: 6/6
  2799 | D:4      | Reached skill level 1 in Armour
  2939 | D:4      | Found a shadowy altar of Dithmenos.
  3001 | D:5      | Entered Level 5 of the Dungeon
  3022 | D:5      | Reached skill level 7 in Unarmed Combat
  3037 | D:5      | Found a glowing golden altar of the Shining One.
  3329 | D:5      | Reached XP level 8. HP: 67/75 MP: 7/7
  3435 | D:5      | Found a shimmering blue altar of Sif Muna.
  3489 | D:5      | Became a worshipper of Sif Muna the Loreminder
  3598 | D:6      | Found Ygyc's Magic Scroll Emporium.
  3600 | D:6      | Found Piebukk's Magic Scroll Emporium.
  3602 | D:6      | Reached skill level 8 in Unarmed Combat
  3602 | D:6      | Reached skill level 1 in Invocations
  3642 | D:6      | Noticed a troll
  3655 | D:6      | Killed a troll
  3656 | D:6      | HP: 4/112 [orc/+0 short sword (5)]
  3657 | D:6      | HP: 1/114 [orc/+0 hand axe (4)]
  3660 | D:6      | Slain by an orc priest

Illustrated notes

Levels and vault maps discovered:
D:1:      lemuel_arrival_behind_the_door_large, layout_basic,
          wander_ebering_terrifying_dragon_lair
D:2:      layout_rooms, serial_glass, glass_columns_b, glass_columns_c,
          feat_on_display, minmay_strange_pillars, item_on_display_a,
          feat_on_display
D:3:      layout_loops_ring, cheibrodos_sewer_entry_sluice,
          hellmonk_ecumenical_altar_inner_sanctum, minmay_pentangle
D:4:      layout_rooms, kennysheep_little_box, marbit_many_paths, moated_statue,
          grunt_ministairs_7, minmay_manual_moon
D:5:      layout_rooms, lemuel_tele_altar, tso_altar
D:6:      layout_gridville, serial_shops, nicolae_shop_waterfront, shop

Skill      XL: |  1  2  3  4  5  6  7  8 |
---------------+-------------------------+-----
Shields        | 3 4 |  4.6
Unarmed Combat | 3 4 5 6 7 8 |  8.4
Stealth        | 1 |  1.0
Armour         | 1 2 |  2.0
Fighting       | 3 |  3.6
Dodging        | 3 4 |  4.1
Invocations    | 1 |  1.7

Action                   |  1- 3 |  4- 6 |  7- 9 || total
-------------------------+-------+-------+-------++-------
Melee: Unarmed           |    97 |   162 |   129 ||   388
  Use: Potion            |     2 |       |     1 ||     3
       Scroll            |     1 |     6 |     1 ||     8
 Stab: Sleeping          |     1 |     1 |       ||     2
       Distracted        |     1 |       |       ||     1
Armor: Robe              |    33 |    16 |       ||    49
       Troll leather arm |       |    46 |    66 ||   112
Dodge: Dodged            |    25 |    76 |    61 ||   162
Block: Kite shield       |    33 |    64 |    54 ||   151
